[Event "FIDE WY-U16 Olympiad 2022"]
[Site "Nakhchivan"]
[Date "2022.10.04"]
[Round "3.21"]
[White "Chen, Max"]
[Black "Arkadan, Adib"]
[Result "0-1"]
[ECO "B22"]
[WhiteElo "2154"]
[BlackElo "1928"]
[Annotator "TA"]
[PlyCount "114"]
[EventDate "2022.10.02"]
[EventType "team-tourn"]
[EventCountry "AZE"]
[SourceTitle "playchess.com"]
[Source "ChessBase"]
[SourceQuality "1"]
[WhiteTeam "Canada"]
[BlackTeam "Lebanon"]
[WhiteTeamCountry "CAN"]
[BlackTeamCountry "LBN"]
[TimeControl "40/5400+30:1800+30"]

1. e4 c5 2. c3 Nf6 3. e5 Nd5 4. d4 cxd4 5. Nf3 Nc6 6. cxd4 d6 7. Bc4 Nb6 8. Bb5 dxe5 9. Nxe5 Bd7 10. Nxd7 Qxd7 11. Nc3 e6 12. O-O Be7 13. Qg4 {[%emt 0:03:36] B22: Sicilian: 2 c3.} Bf6 14. Rd1 Nd5 15. Ne4 {[%emt 0:06:10] The position is equal.} O-O 16. Rd3 Qe7 17. Bxc6 bxc6 18. Bh6 Kh8 19. Bd2 {[%emt 0:00:26] [#]} Rab8 $146 ({Predecessor:} 19... g6 20. Nxf6 Qxf6 21. Rf3 Qe7 22. Bg5 f6 23. Bd2 Rab8 24. b3 f5 25. Qg3 Qf6 {½-½ (43) Psyk,R (2404)-Klekowski,M (2474) Sypniewo 2022}) 20. Rh3 g6 {[%emt 0:02:27] Against Qh5} 21. Bh6 Bg7 {[%emt 0:14:38] Strongly threatening ...f5.} 22. Ng5 $1 {[%emt 0:14:43][%cal Og5h7] Nxh7! is the strong threat.} Nf6 23. Qh4 Nh5 (23... Bxh6 $2 24. Qxh6 (24. Nxh7 Ng8 $18) 24... Rfc8 25. Nxh7 $18 (25. Ne4 Kg8 $16)) 24. Bxg7+ Kxg7 25. Re3 (25. Re1 $11 Kg8 26. g4) 25... Nf6 {[%emt 0:07:10] [#]} (25... Rfe8 $15) 26. Nxh7 $1 $14 Rfd8 27. Rf3 (27. Rh3 $5 Rh8 28. Qh6+ Kg8 29. Nxf6+ Qxf6 30. Qxh8+ Qxh8 31. Rxh8+ Kxh8 32. b3 $14) 27... Ng8 (27... Nd5 $14 28. Ng5 Rh8) 28. Ng5 $16 Nh6 (28... Nf6 $16) 29. Rd1 $2 ({Worse is} 29. Rh3 Rh8 $11) (29. Re1 $1 $18 Rxb2 30. g4 (30. Rxf7+ $2 Nxf7 31. Qh7+ Kf8 $19)) 29... Rd5 $17 30. Qf4 {[%emt 0:00:46] aiming for Nxf7.} Rxb2 31. Ne4 {[%emt 0:00:24] [#] And now Nf6 would win.} Rf5 {[%emt 0:01:37] Against Nf6} ({Black should play} 31... Nf5 $1 $17 32. Rh3 Rxd4) 32. Qc1 $11 Rxa2 33. Rh3 Ng8 34. Qxc6 Nf6 35. Nxf6 Qxf6 (35... Kxf6 36. d5 Qd8 37. Qc3+ e5 38. Qc4 Rfxf2 39. Qh4+ g5 40. Qh6+ Kf5 41. Qh7+ Kf6 42. Rh6+ Ke7 43. d6+ Kd7 44. Qe4 $18) 36. Qa8 (36. Qe8 $1 $11 Rh5 37. Rf3) 36... Rh5 $40 {[%emt 0:00:14][%mdl 128] Black attacks with force.} 37. Qf3 (37. Rf3 $17 Qxd4 38. Rxf7+ Kxf7 39. Qf3+ (39. Rxd4 $2 {leads to mate.} Ra1+) 39... Rf5 40. Rxd4 Rxf3 41. gxf3) 37... Rxh3 $19 38. Qxf6+ Kxf6 39. gxh3 {[%emt 0:00:07][%mdl 4096] Endgame KR-KR} Ra5 40. Rd3 (40. Rb1 $17) 40... Ke7 41. Kf1 Kd6 42. Ke2 Rf5 43. Rc3 Kd7 44. Ke3 a5 45. f4 $2 (45. Ke2 {was necessary.}) 45... a4 46. Ra3 {[%emt 0:00:00] [#]} Ra5 47. h4 Kd6 48. f5 $2 (48. Ke4) 48... exf5 49. Kf4 Kd5 50. Kg5 Kxd4 {[%emt 0:00:00] White must now prevent ...Kd5.} 51. h5 f4+ 52. Kxf4 gxh5 {[%emt 0:00:00] Black mates.} 53. h4 Kc4 54. Ke4 Kb4 55. Ra1 a3 56. Kd3 a2 57. Kc2 Ka3 {Never resign too early!  Weighted Error Value: White=0.61/Black=0.16 (very precise)} 0-1

[Event "FIDE WY-U16 Olympiad 2022"]
[Site "Nakhchivan"]
[Date "2022.10.04"]
[Round "3.22"]
[White "Savicevs, Arsenijs"]
[Black "Ahmad, Khagan"]
[Result "0-1"]
[ECO "D02"]
[WhiteElo "1878"]
[BlackElo "2150"]
[Annotator "TA"]
[PlyCount "68"]
[EventDate "2022.10.02"]
[EventType "team-tourn"]
[EventCountry "AZE"]
[SourceTitle "playchess.com"]
[Source "ChessBase"]
[SourceQuality "1"]
[BlackTeam "Azerbaijan"]
[BlackTeamCountry "AZE"]
[TimeControl "40/5400+30:1800+30"]

1. Nf3 d5 2. d4 Nf6 3. g3 e6 4. Bg2 Be7 5. O-O O-O 6. c4 dxc4 7. Qc2 a6 8. a4 Bd7 9. Qxc4 Bc6 10. Bg5 h6 {[%emt 0:04:04] ...Bd5 is the strong threat. E05: Open Catalan: 5 Nf3 Be7.} 11. Bxf6 Bxf6 12. Nc3 Bxf3 {[%emt 0:00:08] White has an edge.} 13. Bxf3 c6 ({But not} 13... Nc6 14. Bxc6 bxc6 15. e3 $16 (15. Qxc6 Qxd4 16. Rfd1 Qb6 $11)) 14. Rfd1 a5 15. b4 {[%emt 0:08:18] [#]} Na6 $146 (15... axb4 $11 16. Qxb4 Ra7) ({Predecessor:} 15... axb4 16. Qxb4 Ra7 17. e3 Nd7 18. Rab1 Be7 19. Qb3 Qa5 20. Qc2 Bb4 21. Na2 Be7 22. Nc3 Bb4 23. Na2 Be7 24. Nc3 Bb4 25. Na2 {½-½ (25) Jakovenko,D (2725)-Karjakin,S (2739) Odessa 2010}) 16. b5 $14 Nb4 17. Na2 (17. bxc6 bxc6 18. e3) (17. bxc6 $14 {keeps the upper hand.} bxc6 18. e3) 17... cxb5 $17 18. Qxb5 Nc2 19. Rac1 Nxd4 20. Qxb7 Rb8 21. Qe4 Rb2 22. Nc3 Qb6 {[%emt 0:00:03] Threatens to win with ...Rb4. Black is more active.} 23. Rd3 $2 {[%emt 0:12:10][%mdl 8192] This costs White the game.} (23. Nb5 $17 Nxb5 24. Rc6) 23... Rb4 (23... Nb3 $142 24. Rcd1 Nc5) 24. Rcd1 $19 {[%emt 0:05:20] [#]} Qc5 $1 {[%emt 0:10:32] Strongly threatening ...Nb3.} 25. Nb1 $2 (25. Bh1) 25... Rxa4 (25... Rc8 $142 {White must now prevent ...Nb3.} 26. Qe3 Rcb8) 26. Bg2 (26. Nd2 $142) 26... Rb8 {[%emt 0:03:53] And now ...Ra1 would win.} 27. Kf1 $2 (27. Nd2) 27... Ra1 28. Nc3 {[%emt 0:05:39] [#]} Qxc3 29. Bh3 (29. Kg1 Rxd1+) 29... Rxd1+ 30. Rxd1 a4 31. e3 Qc2 32. Rxd4 Qb1+ {[%emt 0:00:07] Black mates.} 33. Kg2 Bxd4 34. Qxd4 a3 {[%emt 0:00:08] Weighted Error Value: White=1.13/Black=0.48} 0-1

[Event "FIDE WY-U16 Olympiad 2022"]
[Site "Nakhchivan"]
[Date "2022.10.04"]
[Round "3.22"]
[White "Karam, Youssef Mark"]
[Black "Chen, Rachel Ruoxuan"]
[Result "0-1"]
[ECO "A06"]
[WhiteElo "1522"]
[BlackElo "1805"]
[Annotator "NA RC COMBH"]
[PlyCount "60"]
[EventDate "2022.10.02"]
[EventType "team-tourn"]
[EventCountry "AZE"]
[SourceTitle "playchess.com"]
[Source "ChessBase"]
[SourceQuality "1"]
[WhiteTeam "Lebanon"]
[BlackTeam "Canada"]
[WhiteTeamCountry "LBN"]
[BlackTeamCountry "CAN"]
[TimeControl "40/5400+30:1800+30"]

1. Nf3 d5 2. b3 c5 3. e3 Nf6 4. Bb2 e6 5. Be2 Nc6 6. Bb5 Bd7 7. O-O Be7 8. d3 O-O 9. Bxc6 Bxc6 $11 10. Ne5 Rc8 (10... Be8 $142) 11. a4 b6 12. Nd2 Bb7 13. f4 d4 14. e4 Ne8 15. Qh5 f6 16. Ng4 f5 17. Ne5 Nf6 18. Qh3 Qe8 19. exf5 Nd5 20. fxe6 Nxf4 21. Qg4 h5 22. Qd1 Nxg2 23. Nf7 g6 24. Nc4 Qc6 25. Nce5 Qxe6 26. Qd2 Ne3 27. Rae1 Rxf7 28. Rxf7 Qxe5 29. Qxe3 Qxe3+ 30. Rxe3 Kxf7 0-1

[Event "FIDE WY-U16 Olympiad 2022"]
[Site "Nakhchivan"]
[Date "2022.10.04"]
[Round "3.23"]
[White "Zhao, Jeffrey Renfei"]
[Black "Fawaz, Mohamad"]
[Result "1/2-1/2"]
[ECO "B13"]
[WhiteElo "1807"]
[BlackElo "1553"]
[Annotator "NA RC COMBH"]
[PlyCount "86"]
[EventDate "2022.10.02"]
[EventType "team-tourn"]
[EventCountry "AZE"]
[SourceTitle "playchess.com"]
[Source "ChessBase"]
[SourceQuality "1"]
[WhiteTeam "Canada"]
[BlackTeam "Lebanon"]
[WhiteTeamCountry "CAN"]
[BlackTeamCountry "LBN"]
[TimeControl "40/5400+30:1800+30"]

1. e4 c6 2. d4 d5 3. exd5 cxd5 4. c4 Nf6 5. Nc3 Nc6 6. Bg5 Bg4 7. f3 Be6 $11 8. Nge2 ({Better is} 8. c5) 8... h6 (8... dxc4 $5 9. Nf4 Nxd4 10. Nxe6 Nxe6 $11) 9. Bxf6 exf6 10. Nf4 Bd6 11. Nfxd5 O-O 12. Kf2 Rc8 13. Ne3 Nxd4 14. g3 Bc5 15. Kg2 a6 16. Bd3 Re8 17. Re1 Qd7 18. Kh1 Nxf3 19. Qxf3 Qxd3 20. Rad1 Qg6 21. Qf1 Qh5 22. Ncd5 Bxe3 23. Nxe3 Qa5 24. b3 Rcd8 25. Qf2 Qc3 26. Kg1 Rxd1 27. Rxd1 Qe5 28. Nd5 Bg4 29. Rf1 Qd6 30. Qd4 Qd7 31. Rxf6 Re1+ 32. Rf1 Rxf1+ 33. Kxf1 Qf5+ 34. Ke1 Qb1+ 35. Kd2 Qxa2+ 36. Kc1 Qa3+ 37. Kd2 Qa5+ 38. Kc2 Bf5+ 39. Kb2 Qe1 40. Qb6 Qd2+ 41. Ka3 Qc1+ 42. Kb4 Qe1+ 43. Kc5 Qf2+ 1/2-1/2

[Event "FIDE WY-U16 Olympiad 2022"]
[Site "Nakhchivan"]
[Date "2022.10.04"]
[Round "3.23"]
[White "Hajialiyev, Islam"]
[Black "Zajakins, Artjoms"]
[Result "1-0"]
[ECO "A45"]
[WhiteElo "1731"]
[BlackElo "1810"]
[Annotator "NA RC COMBH"]
[PlyCount "127"]
[EventDate "2022.10.02"]
[EventType "team-tourn"]
[EventCountry "AZE"]
[SourceTitle "playchess.com"]
[Source "ChessBase"]
[SourceQuality "1"]
[TimeControl "40/5400+30:1800+30"]

1. d4 Nf6 2. Bf4 g6 3. e3 Bg7 4. h3 O-O 5. Nf3 d6 6. Be2 Nc6 7. O-O Nd7 8. Bh2 e5 9. c3 Kh8 10. Nbd2 h6 11. Re1 f5 12. dxe5 dxe5 13. Nc4 Qe7 14. Qb3 b6 $11 15. a4 a5 16. Qa3 Qe6 17. Qa2 Bb7 18. Ncxe5 Qe8 19. Nxc6 Bxc6 20. Bxc7 Rc8 21. Bd6 Rf6 22. Red1 f4 23. e4 Bxe4 24. Bb5 Bc6 25. Bxc6 Rxc6 26. Re1 Qg8 27. Qxg8+ Kxg8 28. Re8+ Kh7 29. Ba3 Rfe6 30. Rxe6 Rxe6 31. Re1 Rxe1+ 32. Nxe1 Ne5 33. Kf1 g5 34. Ke2 Kg6 35. b3 Kf5 36. Nc2 Nd7 37. c4 h5 38. f3 Bf6 39. b4 axb4 40. Bxb4 Ke6 41. Kd2 Kf5 42. Na3 g4 43. hxg4+ hxg4 44. Bc3 gxf3 45. gxf3 Nc5 46. Bxf6 Kxf6 47. Kc3 Nxa4+ 48. Kd4 Nc5 49. Kd5 Nd7 50. Nb5 Kg5 51. Nd6 Kh4 52. Ne4 Kh3 53. Ke6 Nb8 54. Kd6 Kg2 55. Ng5 Na6 56. Kc6 Nb4+ 57. Kxb6 Nd3 58. c5 Ne5 59. c6 Nc4+ 60. Kc5 Ne5 61. c7 Nd7+ 62. Kc6 Ne5+ 63. Kd6 Nc4+ 64. Kc5 1-0

[Event "FIDE WY-U16 Olympiad 2022"]
[Site "Nakhchivan"]
[Date "2022.10.04"]
[Round "3.24"]
[White "Maklakova, Naomi"]
[Black "Jafarova, Aysel"]
[Result "1-0"]
[ECO "D02"]
[WhiteElo "1625"]
[BlackElo "1534"]
[Annotator "NA RC COMBH"]
[PlyCount "75"]
[EventDate "2022.10.02"]
[EventType "team-tourn"]
[EventCountry "AZE"]
[SourceTitle "playchess.com"]
[Source "ChessBase"]
[SourceQuality "1"]
[WhiteTeam "Latvia"]
[WhiteTeamCountry "LAT"]
[TimeControl "40/5400+30:1800+30"]

1. d4 d5 2. Nf3 Nf6 3. c3 c5 4. dxc5 e6 5. b4 a5 6. e3 axb4 7. cxb4 b6 8. Bb5+ Bd7 9. Bxd7+ Qxd7 10. a4 bxc5 11. b5 Bd6 12. O-O Ne4 13. Bb2 O-O 14. Nc3 Nxc3 15. Bxc3 Qb7 16. Qe2 Nd7 17. Rfb1 Nb6 18. a5 Nc4 19. Nd2 Ne5 20. Nb3 Nc4 21. Nd2 Ne5 22. f4 Ng6 23. Nb3 d4 24. a6 Qe4 25. Nd2 Nxf4 26. Qf2 Qxe3 27. Qxe3 dxe3 28. Ne4 Ne2+ 29. Kf1 Nxc3 30. Nxc3 Be5 31. Ra3 Rfb8 32. Ne4 c4 33. b6 Bd4 34. b7 Ra7 35. Rb4 f5 36. Rxc4 Rbxb7 37. axb7 Rxb7 38. Ra8+ 1-0

[Event "FIDE WY-U16 Olympiad 2022"]
[Site "Nakhchivan"]
[Date "2022.10.04"]
[Round "3.24"]
[White "Fawaz, Nadia"]
[Black "Jiang, Kate Yuhua"]
[Result "0-1"]
[ECO "D11"]
[WhiteElo "1385"]
[BlackElo "1649"]
[Annotator "NA RC COMBH"]
[PlyCount "45"]
[EventDate "2022.10.02"]
[EventType "team-tourn"]
[EventCountry "AZE"]
[SourceTitle "playchess.com"]
[Source "ChessBase"]
[SourceQuality "1"]
[WhiteTeam "Lebanon"]
[BlackTeam "Canada"]
[WhiteTeamCountry "LBN"]
[BlackTeamCountry "CAN"]
[TimeControl "40/5400+30:1800+30"]

1. d4 d5 2. c4 c6 3. Nf3 Nf6 4. e3 e6 5. b3 Nbd7 6. Bd3 Bd6 7. Bb2 Qc7 8. Nbd2 O-O 9. O-O Re8 10. Rc1 b6 11. Re1 Bb7 12. Bb1 h6 13. h3 Rac8 14. Qc2 c5 15. dxc5 bxc5 16. Rcd1 Red8 17. Ba1 a5 18. a4 Be7 19. Rc1 Rb8 20. Rcd1 Qb6 21. Ne5 Ba6 22. Nxd7 Rxd7 23. Bxf6 0-1

[Event "FIDE WY-U16 Olympiad 2022"]
[Site "Nakhchivan"]
[Date "2022.10.04"]
[Round "3.25"]
[White "Omonov, Asrorjon"]
[Black "Montes Orozco, Miguel Angel"]
[Result "1/2-1/2"]
[ECO "D02"]
[WhiteElo "2064"]
[BlackElo "2051"]
[Annotator "TA"]
[PlyCount "120"]
[EventDate "2022.10.02"]
[EventType "team-tourn"]
[EventCountry "AZE"]
[SourceTitle "playchess.com"]
[Source "ChessBase"]
[SourceQuality "1"]
[WhiteTeam "Uzbekistan"]
[BlackTeam "Mexico"]
[WhiteTeamCountry "UZB"]
[BlackTeamCountry "MEX"]
[TimeControl "40/5400+30:1800+30"]

1. d4 d5 2. Nf3 Nf6 3. Bf4 e6 4. e3 Bd6 5. Bg3 O-O 6. Nbd2 c5 {[%emt 0:00:08] D02: 1 d4 d5 2 Nf3 sidelines, including 2...Nf6 3 g3 and 2...Nf6 3 Bf4.} 7. c3 Qc7 8. Ne5 Nbd7 {[%emt 0:00:31] The position is equal.} 9. f4 Ne4 10. Bd3 f5 11. Nxe4 fxe4 12. Be2 Nxe5 13. dxe5 Be7 {[%emt 0:00:08] [#]} 14. O-O $146 ({Predecessor:} 14. Qd2 c4 15. O-O Bd7 16. b3 b5 17. bxc4 bxc4 18. Rab1 {½-½ (18) Mueller,M (1941)-Hey,R (2063) GER email 2007}) 14... Bd7 15. Bg4 (15. f5 $5) 15... Rad8 16. Rf2 Qb6 17. Kh1 g6 18. Rd2 Bb5 19. Be2 c4 20. Bf2 Bc5 21. Bg4 Bd7 {[%emt 0:08:20] Threatens to win with ...h5.} 22. Qe2 a5 23. Re1 Rf7 24. Bh4 Rb8 25. Bh3 Qc6 26. Bf6 b5 27. Bg4 Be7 28. Bxe7 Rxe7 29. h4 Qc8 30. Bh3 Qf8 31. g4 Kh8 32. Qh2 Qh6 33. Qg3 Rg8 34. Rh2 Qf8 35. Qf2 Rf7 36. g5 h6 37. gxh6 Rh7 38. Rg1 Qxh6 39. Bf1 Qf8 40. Rg5 Be8 41. Bh3 Bf7 42. Qg3 Rgg7 43. Bg4 Qe7 44. Bd1 a4 (44... b4 $11 {should be considered.}) 45. a3 $1 $14 Qe8 (45... Kg8 $14) 46. Kg1 $16 Kg8 47. Rg2 {[%emt 0:00:00][%cal Oh4h5] Hoping for h5! White is more active.} Qf8 48. Kf1 Kh8 49. Ke1 Rg8 50. Kd2 Rgg7 51. Kc2 Rg8 52. Qe1 Rgg7 53. R5g4 Kg8 54. Qd2 Qc5 {[%emt 0:00:00] [#]} 55. Qd4 (55. Qf2 $1 $16) 55... Qc7 56. Qd2 Qe7 {[%emt 0:00:00] [#]} (56... Qc5 $11 {remains equal.}) 57. Qf2 $1 {[%emt 0:00:00] White is better.} Qc5 58. Qg3 Qf8 59. Qh3 Kh8 60. Rg5 Qe8 {[%emt 0:00:00] Weighted Error Value: White=0.11 (very precise) /Black=0.14 (very precise)} 1/2-1/2

[Event "FIDE WY-U16 Olympiad 2022"]
[Site "Nakhchivan"]
[Date "2022.10.04"]
[Round "3.25"]
[White "Baghirov, Orkhan"]
[Black "Southcott-Moyers, Indy"]
[Result "1-0"]
[ECO "D11"]
[WhiteElo "1571"]
[BlackElo "1952"]
[Annotator "TA"]
[PlyCount "103"]
[EventDate "2022.10.02"]
[EventType "team-tourn"]
[EventCountry "AZE"]
[SourceTitle "playchess.com"]
[Source "ChessBase"]
[SourceQuality "1"]
[WhiteTeam "Azerbaijan"]
[BlackTeam "England"]
[WhiteTeamCountry "AZE"]
[BlackTeamCountry "ENG"]
[TimeControl "40/5400+30:1800+30"]

1. d4 d5 2. c4 c6 3. Nf3 Nf6 4. Qc2 dxc4 5. Qxc4 Bf5 6. g3 e6 7. Bg2 Be7 {[%emt 0:02:43] The modern move.} 8. O-O Nbd7 9. e3 O-O {[%emt 0:02:43] D23: Queen's Gambit Accepted: 3 Nf3 Nf6 sidelines.} 10. Nbd2 Ne4 11. Nxe4 Bxe4 {[%emt 0:00:06] The position is equal.} 12. b3 {[%emt 0:00:03] [#]} Nf6 $146 ({Predecessor:} 12... a5 13. Bb2 a4 14. Qe2 Nf6 15. Rfd1 axb3 16. axb3 Qd5 17. Ne1 Bxg2 18. Nxg2 Qxb3 {0-1 (31) Toth,L (2171)-Vajda,S (2375) Paks 2009}) 13. Bb2 a5 14. Ne5 Bxg2 15. Kxg2 Qd5+ 16. f3 c5 17. Rfd1 cxd4 18. Bxd4 b5 19. Qe2 Qb7 $1 20. e4 Rac8 21. Rac1 Rfd8 {[%emt 0:05:42] [#] And now ...Rxc1 would win.} 22. Bb2 Rxc1 23. Rxc1 Bb4 {[%emt 0:00:39] ...Rd2 is the strong threat.} 24. Nd3 (24. Rc2 $5 ) 24... Ne8 (24... Bf8 $11 {remains equal.}) 25. Nxb4 $16 {[%emt 0:06:14] White stays focused until the end.} axb4 26. Rc5 Qa6 27. Bc1 {[%emt 0:04:09] White is more active.} (27. Rxb5 $2 Nc7 28. a4 bxa3 29. Bxa3 Qxb5 $19) 27... h6 28. Rc2 ({Don't blunder} 28. Rxb5 $2 Nc7 29. a4 bxa3 30. Bxa3 Qxb5 $19) 28... Nf6 29. Bd2 Qa5 30. Qe1 Rd4 31. Be3 Rd8 32. Bc5 Rc8 {[%emt 0:00:09] [#] White must now prevent ...Nd7.} 33. Qd2 {[%emt 0:00:29] Prevents Nd7.} Qc7 34. Qxb4 Qc6 35. Qc3 Nxe4 (35... Qb7 $16 {keeps fighting.} 36. Qd3 Nd7) 36. fxe4 $18 Qxe4+ 37. Kg1 b4 $2 (37... Rd8 38. Rc1 Qe2) 38. Qd2 Qf5 39. Qf2 Qd3 40. Rc1 {[%emt 0:01:49] Inhibits Qd1+.} Qd5 41. Rc4 Qe5 42. Bxb4 Rd8 43. Rc1 Qe4 44. Bc5 Rd5 45. Re1 Qd3 46. b4 Qc3 47. Rf1 f5 48. Qe3 Rd3 49. Qxe6+ Kh8 50. Qc8+ Kh7 51. Qxf5+ Kh8 52. Qe4 {[%emt 0:00:00] Weighted Error Value: White=0.13 (very precise) /Black=0.38} 1-0

[Event "FIDE WY-U16 Olympiad 2022"]
[Site "Nakhchivan"]
[Date "2022.10.04"]
[Round "3.26"]
[White "Galaviz Medina, Atlas Adomaitis"]
[Black "Khamdamova, Afruza"]
[Result "1/2-1/2"]
[ECO "D37"]
[WhiteElo "2131"]
[BlackElo "2118"]
[Annotator "TA"]
[PlyCount "160"]
[EventDate "2022.10.02"]
[EventType "team-tourn"]
[EventCountry "AZE"]
[SourceTitle "playchess.com"]
[Source "ChessBase"]
[SourceQuality "1"]
[WhiteTeam "Mexico"]
[BlackTeam "Uzbekistan"]
[WhiteTeamCountry "MEX"]
[BlackTeamCountry "UZB"]
[TimeControl "40/5400+30:1800+30"]

1. d4 Nf6 2. Nf3 d5 3. c4 e6 4. Nc3 Be7 5. g3 O-O 6. Bg2 c6 7. O-O b6 8. Ne5 Bb7 9. e4 dxc4 10. Nxc4 Ba6 11. b3 b5 12. Ne5 b4 13. Ne2 Bxe2 {[%emt 0:13:12] E06: Closed Catalan: Early deviations.} 14. Qxe2 Qxd4 15. Bb2 Qb6 {[%emt 0:00:04] White has an edge.} 16. Rac1 {[%emt 0:01:42][%mdl 1024] White has compensation.} a5 17. Qc2 Rc8 (17... Rd8 $11 {keeps the balance.}) 18. Rfd1 Ra7 19. Nc4 {[%emt 0:02:52] White is more active.} Qb5 {[%emt 0:01:27] [#]} 20. Be5 $146 ({Predecessor:} 20. Nd6 Bxd6 21. Rxd6 Rd7 22. Bf1 Qh5 23. Be2 Ng4 24. Bxg4 Qxg4 25. Rxd7 Nxd7 26. Qd3 {1-0 (73) Wang,P (2454)-McLaren,L (2241) Auckland 2014}) 20... Ne8 21. Bf1 {[%emt 0:09:17] [#] Black must now prevent Nd6. This bishop pair is nice.} Qb7 $1 22. Nd6 Nxd6 23. Bxd6 Bxd6 24. Rxd6 h6 25. e5 c5 26. Rcd1 {[%emt 0:00:39] White threatens Rd8+ and mate.} Qe7 {[%emt 0:00:17] Inhibits Rd8+.} 27. Qe4 Nd7 28. Bb5 Nf8 29. f4 Rac7 30. Qc4 h5 31. Qe2 g6 32. Qd3 Kg7 33. Ra6 Ra7 34. Rd6 Rac7 35. Kf2 Rb8 36. Rd8 Rcc8 ({Don't do} 36... c4 37. bxc4 (37. Bxc4 Rxd8 38. Qxd8 Qc5+ 39. Kg2 Qc6+ 40. Kg1 Qb6+ 41. Kh1 Qc6+ 42. Kg1 Qb6+ 43. Kh1 Qc6+ 44. Kg1 $11) 37... Rcc8 38. Rxc8 Rxc8 39. h4 $16) (36... Rcb7 $5 37. Rxb8 Rxb8 $11) 37. Rd6 Qa7 {[%emt 0:00:27] ...c4+ is the strong threat.} 38. Ra6 Qb7 39. Bc4 ({Avoid the trap} 39. Rxa5 $2 Qb6 40. Ra6 Qxb5 $19) 39... Ra8 40. Qf3 Qxf3+ 41. Kxf3 Rxa6 42. Bxa6 $11 {[%emt 0:00:01][%mdl 4096] Endgame KRB-KRN} Ra8 43. Bb5 Rb8 44. Bc6 Rc8 45. Bb5 g5 46. fxg5 Ng6 47. Ke4 Ne7 48. Bc4 {[%emt 0:00:00] Inhibits Nd5.} Rc7 {[%emt 0:00:00] Inhibits Rd7.} 49. Kf4 Ng6+ 50. Ke4 Ne7 51. h4 Nf5 52. Kf4 Nd4 53. g4 hxg4 54. h5 Nf5 55. h6+ Kg6 {[%emt 0:00:35] [#]} (55... Kh7 $1 $14) 56. Kxg4 $2 ({White should play} 56. Rd8 $1 $18 {Strongly threatening Bd3.} g3 57. Kf3) 56... Ne3+ {[%emt 0:00:26] The position is equal.} 57. Kh4 $1 Nxc4 (57... Nxd1 $2 58. Bd3+ f5 59. exf6+ Kf7 60. Be2 $18) 58. bxc4 {[%emt 0:00:10] KR-KR} a4 59. Rd8 {[%emt 0:00:27] aiming for Rg8+.} Kh7 {[%emt 0:01:21] Against Rg8} 60. Ra8 {[%emt 0:02:22] Inhibits Ra7.} Rd7 61. Rxa4 Rd1 62. Ra7 Rh1+ 63. Kg4 Kg6 64. Rc7 Rg1+ 65. Kf4 Rf1+ 66. Ke4 Re1+ 67. Kf4 Rf1+ 68. Kg4 Rg1+ 69. Kf3 Rxg5 70. Rxc5 Kxh6 71. Rb5 Kg6 72. Kf4 Rg2 73. Rxb4 Rxa2 74. Rb8 f6 75. exf6 Kxf6 76. Ke4 Ke7 77. Kd4 Kd7 78. Rb6 Ra5 79. c5 Ra4+ 80. Ke5 Rc4 {[%emt 0:00:05] Weighted Error Value: White=0.13 (very precise) /Black=0.12 (very precise)} 1/2-1/2

[Event "FIDE WY-U16 Olympiad 2022"]
[Site "Nakhchivan"]
[Date "2022.10.04"]
[Round "3.26"]
[White "Pal, Rohan"]
[Black "Isfandiyarli, Kamal"]
[Result "0-1"]
[ECO "B20"]
[WhiteElo "1871"]
[BlackElo "1585"]
[Annotator "NA RC COMBH"]
[PlyCount "106"]
[EventDate "2022.10.02"]
[EventType "team-tourn"]
[EventCountry "AZE"]
[SourceTitle "playchess.com"]
[Source "ChessBase"]
[SourceQuality "1"]
[WhiteTeam "England"]
[BlackTeam "Azerbaijan"]
[WhiteTeamCountry "ENG"]
[BlackTeamCountry "AZE"]
[TimeControl "40/5400+30:1800+30"]

1. e4 c5 2. Be2 e6 3. f4 d5 4. d3 Nf6 5. e5 Nfd7 6. Nf3 Nc6 7. O-O b5 8. c4 bxc4 9. dxc4 $11 d4 10. Bd3 Bb7 11. Ng5 Be7 12. Ne4 Nb4 13. b3 O-O 14. Na3 Nxd3 15. Qxd3 Qb6 16. Bd2 Qc6 17. Rae1 f5 18. exf6 Nxf6 19. Nxf6+ Rxf6 20. Re2 Rg6 21. Qh3 Rf8 22. Be1 d3 23. Rd2 Qe4 24. Rdf2 Rxf4 25. Bd2 Rh4 26. Qf3 Qxf3 27. Rxf3 Bxf3 28. Rxf3 Rd4 29. Nb5 Rd7 30. Nc3 Bg5 31. Ne4 Bxd2 32. Nxd2 Rg5 33. Re3 Kf7 34. Kf2 e5 35. g3 Ke6 36. Ke1 Rh5 37. Nf3 d2+ 38. Kd1 Rf5 39. g4 Rf4 40. Rxe5+ Kf6 41. g5+ Kg6 42. Re3 Kh5 43. Nxd2 Kxg5 44. Kc1 Kf5 45. Rh3 Rf2 46. Rh5+ Kg6 47. Rd5 Rxd5 48. cxd5 Rxh2 49. Ne4 Kf5 50. d6 Ke6 51. Nxc5+ Kxd6 52. Ne4+ Ke5 53. Ng5 Kf5 0-1